 Dungeon Crawl Stone Soup version 0.30-a0-578-gdee14c521f (webtiles) character file.

Game seed: 6774293174327614949

187 hittemvvvvvvvvhard the Cudgeller (level 6, -2/52 HPs)
             Began as a Meteoran Berserker on Dec 31, 2022.
             Was a Follower of Trog.
             Slain by a gnoll
             ... wielding a +0 club
              (5 damage)
             ... on level 3 of the Dungeon.
             The game lasted 00:06:29 (859 turns).

hittemvvvvvvvvhard the Cudgeller (MeBe)              Turns: 859, Time: 00:06:29

Health: -2/52      AC:  3    Str: 20    XL:     6   Next: 20%
Magic:  7/7        EV: 10    Int:  9    God:    Trog [*.....]
Gold:   69         SH: 10    Dex: 14    Spells: 5/5 levels left

rFire   . . .      SeeInvis .    a - +0 mace
rCold   . . .      Faith    .    d - +2 kite shield
rNeg    . . .      Spirit   .    b - +0 animal skin
rPois   .          Reflect  .    (no helmet)
rElec   .          Harm     .    (no cloak)
rCorr   .          Rampage  .    (no gloves)
Will    .....                    e - +0 pair of boots
Stlth   +                        (no amulet)
HPRegen 0.28/turn                (no ring)
MPRegen 0.10/turn                (no ring)

@: mighty, on berserk cooldown, slowed, glowing, very slow
A: sense surroundings 1, otherworldly, glowing, explore regen
a: Renounce Religion, Berserk


You were on level 3 of the Dungeon.
You worshipped Trog.
Trog was aware of your devotion.
You visited 1 branch of the dungeon, and saw 3 of its levels.

You collected 69 gold pieces.

Inventory:

Hand Weapons
 a - a +0 mace (weapon)
Missiles
 f - a curare-tipped dart
 Q - 19 stones (quivered)
Armour
 b - a +0 animal skin (worn)
 d - a +2 kite shield (worn)
 e - a +0 pair of boots (worn)


   Skills:
 + Level 3.6 Fighting
 * Level 7.6 Maces & Flails
 - Level 2.4 Armour
 - Level 2.4 Dodging
 + Level 1.4 Shields


You had 5 spell levels left.
You didn't know any spells.
Your spell library was empty.

Dungeon Overview and Level Annotations

Branches:
Dungeon (3/15) Zot: 870

Altars:
Dithmenos
The Shining One


Innate Abilities, Weirdness & Mutations

You passively map a small area around you.
You are easily found by Zot.
You glow in the dark.
You regain HP and MP as you explore.


Message History

You take 3 damage, and have 17/67 hp.
You thump the kobold brigand!
You kill the kobold brigand!
You are no longer berserk.
You are exhausted.
You feel as though you will be slow longer.
Your Shields skill increases to level 1!
You have reached level 6!
You feel clever.
You now have 14/52 hp.
f - a curare-tipped dart You see here a +0 dagger.
The gnoll shouts!
You hear a shout!
You regained 2 hp, and now have 17/52 hp.
A gnoll comes into view. It is wielding a +0 spear.
The gnoll shouts! x2
Unknown command.
You aren't carrying any scrolls.
Unknown command.
You feel very mighty all of a sudden. The gnoll hits you but does no damage.
You hit the gnoll. You block the gnoll's attack. x3
The gnoll hits you from afar with a +0 spear!
* * * LOW HITPOINT WARNING * * *
You take 9 damage, and have 9/52 hp.
You hit the gnoll. You block the gnoll's attack.
The gnoll hits you with a +0 club.
* * * LOW HITPOINT WARNING * * *
The gnoll barely misses you.
You take 2 damage, and have 7/52 hp.
You hit the gnoll but do no damage. You block the gnoll's attack.
The gnoll misses you. You block the gnoll's attack.
The gnoll barely misses you. x2
The gnoll hits you from afar with a +0 spear.
* * * LOW HITPOINT WARNING * * *
You take 5 damage, and have 2/52 hp.
You sock the gnoll!
You kill the gnoll!
You block the gnoll's attack. The gnoll hits you with a +0 club.
You die...

* # #.,.....
###..#......,.
#####.#.. ##...# ##.* ,
* ,* * #. #.# #.### * .
, , , .. #.#####.# ,# ,
* ##*#.......## .#* *
,** ##.......###.#* **
* #.........#..# , *
###g..........#* * *
#.@).......<.##
.########.#.g.....††##
#.).......#$........#
#........##.........#**
, *
#.......)##.........#*
, , *
#........##..........
** , ,
#...................#*
* .###.....##.........#
~ * #.....#* ....

Skill      XL: |  1  2  3  4  5 |
---------------+----------------+-----
Maces & Flails | 5 6 7 |  7.6
Shields        | 1 |  1.4
Fighting       | |  3.6
Armour         | |  2.4
Dodging        | |  2.4

Notes
Turn   | Place    | Note
-------+----------+-------------------------------------------
     0 | D:1      | hittemvvvvvvvvhard the Meteoran Berserker began the quest
                  | for the Orb.
     0 | D:1      | Reached XP level 1. HP: 19/19 MP: 2/2
   168 | D:1      | Reached XP level 2. HP: 20/26 MP: 3/3
   346 | D:2      | Noticed Natasha
   359 | D:2      | Killed Natasha
   360 | D:2      | Reached skill level 5 in Maces & Flails
   360 | D:2      | Reached XP level 3. HP: 14/31 MP: 4/4
   413 | D:2      | Reached XP level 4. HP: 25/38 MP: 5/5
   414 | D:2      | Reached skill level 6 in Maces & Flails
   446 | D:2      | Noticed Natasha
   462 | D:2      | Killed Natasha
   575 | D:2      | Reached XP level 5. HP: 45/45 MP: 6/6
   684 | D:3      | Reached skill level 7 in Maces & Flails
   704 | D:3      | Found a shadowy altar of Dithmenos.
   705 | D:3      | Found a glowing golden altar of the Shining One.
   834 | D:3      | Noticed a kobold brigand
   836 | D:3      | Noticed a water elemental
   848 | D:3      | Killed a kobold brigand
   849 | D:3      | Reached skill level 1 in Shields
   849 | D:3      | Reached XP level 6. HP: 14/52 MP: 7/7
   856 | D:3      | HP: 9/52 [gnoll/+0 spear (9)]
   858 | D:3      | HP: 2/52 [gnoll/+0 spear (5)]
   859 | D:3      | Slain by a gnoll

Table legend: (Time is in decaauts)
 A = Elapsed time spent in this place.
 B = Non-inter-level travel time spent in this place.
 C = Inter-level travel time spent in this place.
 D = Time resting spent in this place.
 E = Time spent auto-exploring this place.
 F = Levels seen in this place.
 G = Mean time per level.
                   A        B        C        D        E       F      G
               +--------+--------+--------+--------+--------+-----+--------+
         Total |    927 |    927 |      0 |    160 |    190 |   3 |  309.0 |
       Dungeon |    927 |    927 |      0 |    160 |    190 |   3 |  309.0 |
               +--------+--------+--------+--------+--------+-----+--------+

Top non-repeatable levels by time:
     D:2: 374 daAuts
     D:1: 338 daAuts
     D:3: 214 daAuts

Table legend:
 A = Kills in this place as a percentage of kills in entire the game.
 B = Kills by you in this place as a percentage of kills by you in the entire game.
 C = Kills by friends in this place as a percentage of kills by friends in the entire game.
 D = Other kills in this place as a percentage of other kills in the entire game.
 E = Experience gained in this place as a percentage of experience gained in the entire game.
 F = Experience gained in this place divided by the number of levels of this place that you have seen.
                   A       B       C       D       E      F
               +-------+-------+-------+-------+-------+----------------------
         Total | 100.0 | 100.0 |   N/A |   N/A | 100.0 |  94.0
       Dungeon | 100.0 | 100.0 |   N/A |   N/A | 100.0 |  94.0
               +-------+-------+-------+-------+-------+----------------------

Action                   |  1- 3 |  4- 6 || total
-------------------------+-------+-------++-------
Melee: Mace              |    38 |    64 ||   102
Throw: Stone             |     2 |       ||     2
Invok: Berserk           |       |     5 ||     5
  Use: Scroll            |       |     3 ||     3
       Potion            |       |     1 ||     1
Armor: Animal skin       |     9 |    17 ||    26
Dodge: Dodged            |    17 |    33 ||    50
Block: Kite shield       |       |    18 ||    18

Vanquished Creatures
  A kobold brigand (D:3)
  Natasha (twice) (D:2)
  4 adders
  A gnoll (D:3)
  2 worms
  3 ball pythons (D:1)
  2 bats (D:1)
  An endoplasm (D:3)
  2 goblins
  3 hobgoblins
  4 jackals (D:3)
  4 kobolds
  2 rats
31 creatures vanquished. You could see 2 gnolls.

Levels and vault maps discovered:
D:1:      zaba_arrival_water, layout_basic
D:2:      layout_basic, serial_corexii_hall, chequers_hall_statues_corner_a,
          chequers_hall_statues_y, minmay_misc_feat_nine_boxes, uniq_natasha
D:3:      layout_rooms, mainiacjoe_overflow_chevrons,
          nicolae_qazlal_style_of_elements, jmf_multi_god_temple
